 Dungeon Crawl Stone Soup version 0.31.0-4-g52a2dc7128 (webtiles) character file.

Game seed: 14836203562850267344

5021 Zeia the Fighter (level 10, -1/82 HPs)
             Began as a Djinni Ice Elementalist on Jan 23, 2024.
             Was a Follower of Makhleb.
             Slain by a freezing wraith (34 damage)
             ... on level 9 of the Dungeon.
             The game lasted 00:31:30 (7933 turns).

Zeia the Fighter (Djinni Ice Elementalist)          Turns: 7933, Time: 00:31:31

Health: -1/82      AC:  7    Str: 13    XL:     10   Next: 84%
Gold:   586        EV: 17    Int: 21    God:    Makhleb [*.....] SH:  0 Dex: 14

rFire   + + +        M - +1 whip (freeze)
rCold   x . .        (no shield)
rNeg    . . .        N - +2 robe {rF+}
rPois   ∞            F - +1 hat
rElec   .            y - +0 cloak
rCorr   .            z - +0 pair of gloves
SInv    .            (boots unavailable)
Will    +....        (no amulet)
Stlth   ++           i - +6 ring of strength
HPRegen 0.33/turn    v - +5 ring of evasion
MPRegen 0.00/turn

%: infuse magic (-2 HP)
@: flying, studying Long Blades
A: sickness immunity, fire resistance 2, cold vulnerability 1, float, innate
caster, HP casting, extra vitality 1
a: Renounce Religion


You were on level 9 of the Dungeon.
You worshipped Makhleb.
Makhleb was aware of your devotion.
You visited 2 branches of the dungeon, and saw 10 of its levels.
You also visited: Bailey.

You collected 586 gold pieces.

Inventory:

Hand Weapons
 b - a +1 dagger
 x - a +1 dagger of draining
 H - a +0 hand axe of flaming
 M - a +1 whip of freezing (weapon)
 P - a +0 triple crossbow
Armour
 a - a +0 robe
 g - the +1 scale mail of Hedging {Dex+2}
   (You found it in a bailey)

   Dex+2:     It affects your dexterity (+2).
 y - a +0 cloak (worn)
 z - a +0 pair of gloves (worn)
 F - a +1 hat (worn)
 G - a +2 scale mail of cold resistance
 K - a +0 leather armour
 L - a +1 helmet
 N - a +2 robe of fire resistance (worn)
Jewellery
 f - a ring of willpower
 i - a +6 ring of strength (left hand)
 n - a ring of willpower
 v - a +5 ring of evasion (right hand)
 I - an amulet of reflection
Wands
 p - a wand of roots (9)
 s - a wand of flame (43)
 w - a wand of paralysis (9)
 E - a wand of acid (4)
Scrolls
 d - 2 scrolls of teleportation
 k - a scroll of fog {unknown}
 m - 2 scrolls of enchant armour
 q - a scroll of amnesia {unknown}
 r - 2 scrolls of vulnerability
 t - 4 scrolls of enchant weapon
 A - 2 scrolls of revelation
 O - a scroll of identify
Potions
 c - 3 potions of brilliance {unknown}
 e - a potion of berserk rage {unknown}
 j - 5 potions of heal wounds
 l - 3 potions of attraction
 o - a potion of enlightenment
 u - a potion of magic {unknown}
 B - a potion of cancellation {unknown}
 C - 2 potions of haste {unknown}
 D - 2 potions of might {unknown}
 J - 2 potions of lignification
Miscellaneous
 h - a phantom mirror


   Skills:
 + Level 11.0 Fighting
 - Level 2.1 Dodging
 - Level 1.5 Stealth
 + Level 9.1 Spellcasting
 + Level 9.1 Conjurations
 + Level 9.1 Hexes
 + Level 9.1 Summonings
 + Level 9.1 Necromancy
 + Level 9.1 Translocations
 + Level 9.1 Fire Magic
 + Level 9.1 Ice Magic
 + Level 9.1 Air Magic
 + Level 9.1 Earth Magic
 + Level 9.1 Alchemy


You knew the following spells:

 Your Spells              Type           Power      Damage    Failure   Level
a - Freeze                Ice            100%       1d10      1%          1
b - Frozen Ramparts       Ice            94%        1d15      1%          3
c - Ozocubu's Armour      Ice            47%        N/A       1%          3
d - Summon Ice Beast      Ice/Summ       47%        N/A       1%          3
e - Magic Dart            Conj           100%       1d8       1%          1
f - Blink                 Tloc           94%        N/A       1%          2
g - Scorch                Fire           94%        2d8       1%          2
h - Flame Wave            Conj/Fire      47%        2d12      1%          4
Your spell library was empty.

Dungeon Overview and Level Annotations

Branches:
Dungeon (9/15)             Temple (1/1) D:6          Bailey (visited)
   Lair: D:8-11         Orc: D:9-12

Altars:
Ashenzari
Cheibriados
Dithmenos
Elyvilon
Fedhas
Gozag
Hepliaklqana
Makhleb
Nemelex Xobeh
Okawaru
Qazlal
Ru
Trog
Uskayaw
Wu Jian
Xom
Yredelemnul
Zin
The Shining One

Annotations:
D:2 Natasha


Innate Abilities, Weirdness & Mutations

You are immune to sickness and miasma.
You are immune to poison.
Your flesh is very heat resistant. (rF++)
You are vulnerable to cold. (rC-)
You float through the air rather than walking.
You learn spells naturally, not from books.
Your magical power is your life essence.
You have superior vitality. (+4 MHP)


Message History

Confirm with . or Enter, or press ? or * to list all spells.
You can't see any susceptible monsters within range! (Use Z to cast anyway.) Unknown command.
Casting: Summon Ice Beast (safe; 1% risk of failure)
Confirm with . or Enter, or press ? or * to list all spells.
You can't see any susceptible monsters within range! (Use Z to cast anyway.)
Casting: Summon Ice Beast (safe; 1% risk of failure)
Confirm with . or Enter, or press ? or * to list all spells.
You can't see any susceptible monsters within range! (Use Z to cast anyway.)
Your ice beast hits the freezing wraith.
Your ice beast freezes the freezing wraith.
The freezing wraith completely resists.
Casting: Summon Ice Beast (safe; 1% risk of failure)
Confirm with . or Enter, or press ? or * to list all spells.
Flames lash the freezing wraith.
The freezing wraith is burned terribly!
The freezing wraith is lightly damaged.
The freezing wraith's fire resistance burns away.
You hear two shouts!
Your ice beast hits the freezing wraith but does no damage.
Casting: Scorch (safe; 1% risk of failure)
Confirm with . or Enter, or press ? or * to list all spells.
Flames lash the freezing wraith.
The freezing wraith is burned terribly!
The freezing wraith is moderately damaged.
A two-headed ogre comes into view.
It is wielding a +0 giant spiked club and a +0 giant club.
Unknown command.
Casting: Scorch (safe; 1% risk of failure)
Confirm with . or Enter, or press ? or * to list all spells.
Flames lash the freezing wraith.
The freezing wraith is burned terribly!
The freezing wraith is heavily damaged.
The freezing wraith hits you! The freezing wraith freezes you!!
You feel a terrible chill!
The freezing wraith completely misses you.
Your ice beast hits the freezing wraith but does no damage.
Casting: Scorch (safe; 1% risk of failure)
Confirm with . or Enter, or press ? or * to list all spells.
Flames lash the freezing wraith.
The freezing wraith is burned terribly!
The freezing wraith is almost destroyed.
The freezing wraith hits you. The freezing wraith freezes you!!
You feel a terrible chill!
You die...

.# ####O# #...... .
##.......
...########........
.......<...........
...###..##.........
...........@WY.....
......<............
.....#.##.#........
...................
.......####........
....... .........
....... ..........
.... ....$.....< .
............


You could see a two-headed ogre, a freezing wraith (combustible, ally target)
and a friendly ice beast (summoned).

Vanquished Creatures
  Pikel (D:8)
  An orc knight (Bailey)
  A deep elf pyromancer (Bailey)
  Grum (D:8)
  A steam dragon (D:8)
  2 orc warriors (Bailey)
  6 ice beasts
  A black bear (D:7)
  2 wolves (D:7)
  2 centaurs
  4 lemures (D:8)
  A phantom (D:7)
  2 bullfrogs
  3 scorpions
  2 killer bees (D:8)
  3 howler monkeys
  A jelly (D:5)
  3 orc priests
  2 bombardier beetles
  3 hounds
  Ijyb (D:3)
  Jessica (D:2)
  An iguana (D:6)
  Natasha (twice) (D:2)
  2 orc wizards
  4 adders
  A gnoll (D:2)
  2 ufetubi (D:5)
  3 dart slugs
  4 ribbon worms
  21 orcs
  5 ball pythons
  2 bats
  7 endoplasms
  3 giant cockroaches
  6 goblins
  8 hobgoblins
  4 kobolds
  4 quokkas
  4 frilled lizards
  6 rats
133 creatures vanquished.

Vanquished Creatures (collateral kills)
  A wyvern (D:8)
  An orc warrior (Bailey)
  A black bear (D:6)
  An ice beast (D:7)
  3 centaurs
  A scorpion (D:5)
  A killer bee (D:8)
  A jelly (D:7)
  A bombardier beetle (D:3)
  2 hounds (D:5)
  An orc priest (D:8)
  An iguana (D:5)
  2 orc wizards (D:8)
  Robin (D:2)
  2 adders
  3 gnolls (D:2)
  A dart slug (D:5)
  2 orcs
  6 goblins
  A hobgoblin (D:2)
  A rat (D:3)
34 creatures vanquished.

Vanquished Creatures (others)
  An orc wizard (D:8)
  A butterfly (D:8)
2 creatures vanquished.

Grand Total: 169 creatures vanquished

Notes
Turn   | Place    | Note
-------+----------+-------------------------------------------
     0 | D:1      | Zeia the Djinni Ice Elementalist began the quest for the
                  | Orb.
     0 | D:1      | Zeia set off with the following spells memorised: Freeze,
                  | Frozen Ramparts, Ozocubu's Armour, Summon Ice Beast.
     0 | D:1      | Reached XP level 1. HP: 15/15 MP: 0/0
   157 | D:1      | Found a faded altar of an unknown god.
   255 | D:1      | Reached XP level 2. HP: 22/22 MP: 0/0
   269 | D:1      | Reached skill level 1 in Fighting
   928 | D:2      | Reached XP level 3. HP: 25/27 MP: 0/0
   928 | D:2      | Learned a level 1 spell: Magic Dart
  1079 | D:2      | Noticed Robin
  1099 | D:2      | Killed Robin
  1100 | D:2      | Reached skill level 2 in Fighting
  1279 | D:2      | Reached XP level 4. HP: 30/33 MP: 0/0
  1490 | D:2      | Noticed Natasha
  1540 | D:2      | Killed Natasha
  1594 | D:2      | Noticed Natasha
  1600 | D:2      | Killed Natasha
  1601 | D:2      | Reached skill level 3 in Fighting
  1601 | D:2      | Reached XP level 5. HP: 29/40 MP: 0/0
  1601 | D:2      | Learned a level 2 spell: Blink
  1832 | D:2      | Noticed Jessica
  1834 | D:2      | Killed Jessica
  1989 | D:2      | Noticed Natasha
  2258 | D:3      | Reached XP level 6. HP: 40/47 MP: 0/0
  2469 | D:3      | Reached skill level 4 in Fighting
  2641 | D:3      | Noticed Ijyb
  2649 | D:3      | Killed Ijyb
  3173 | D:4      | Reached skill level 5 in Spellcasting
  3173 | D:4      | Reached skill level 5 in Conjurations
  3173 | D:4      | Reached skill level 5 in Hexes
  3173 | D:4      | Reached skill level 5 in Summonings
  3173 | D:4      | Reached skill level 5 in Necromancy
  3173 | D:4      | Reached skill level 5 in Translocations
  3173 | D:4      | Reached skill level 5 in Fire Magic
  3173 | D:4      | Reached skill level 5 in Ice Magic
  3173 | D:4      | Reached skill level 5 in Air Magic
  3173 | D:4      | Reached skill level 5 in Earth Magic
  3173 | D:4      | Reached skill level 5 in Alchemy
  3232 | D:4      | Reached XP level 7. HP: 47/53 MP: 0/0
  3232 | D:4      | Learned a level 2 spell: Scorch
  3608 | D:5      | Entered Level 5 of the Dungeon
  3746 | D:5      | Reached skill level 5 in Fighting
  3903 | D:5      | Reached XP level 8. HP: 51/61 MP: 0/0
  3987 | D:5      | Reached skill level 6 in Fighting
  4505 | D:6      | Reached skill level 7 in Fighting
  4671 | D:6      | Reached XP level 9. HP: 37/68 MP: 0/0
  4671 | D:6      | Learned a level 4 spell: Flame Wave
  4927 | D:6      | Found a staircase to the Ecumenical Temple.
  4936 | D:6      | Reached skill level 8 in Fighting
  5004 | Temple   | Entered the Ecumenical Temple
  5053 | Temple   | Became a worshipper of Makhleb the Destroyer
  5417 | D:7      | Found a flagged portal.
  5430 | Bailey   | Entered a bailey
  5550 | Bailey   | Noticed an orc knight
  5558 | Bailey   | Found a large runed translucent door.
  5558 | Bailey   | Found a large runed translucent door.
  5559 | Bailey   | Noticed a deep elf pyromancer
  5569 | Bailey   | HP: 3/71 [orc knight/+0 trident (18)]
  5831 | Bailey   | Killed an orc knight
  5832 | Bailey   | Reached skill level 9 in Fighting
  6012 | Bailey   | Killed a deep elf pyromancer
  6013 | Bailey   | Reached XP level 10. HP: 66/78 MP: 0/0
  6030 | Bailey   | Identified the +1 scale mail of Hedging {Dex+2}
  6241 | D:7      | Reached skill level 10 in Fighting
  6722 | D:8      | Found a white marble altar of Elyvilon.
  6811 | D:8      | Reached * piety under Makhleb
  6813 | D:8      | Noticed Grum
  7133 | D:8      | Killed Grum
  7187 | D:8      | Noticed Pikel
  7203 | D:8      | Killed Pikel
  7667 | D:8      | Reached skill level 11 in Fighting
  7925 | D:9      | Noticed a freezing wraith
  7931 | D:9      | Noticed a two-headed ogre
  7933 | D:9      | Slain by a freezing wraith

Illustrated notes

Levels and vault maps discovered:
D:1:      lightli_arrival_farm, layout_loops_ring, shapermc_ecumenical_altar_gd
D:2:      layout_basic, corexii_corridor_pit, uniq_robin, uniq_natasha,
          uniq_jessica
D:3:      layout_rooms, uniq_ijyb
D:4:      layout_cave_pools
D:5:      layout_layer_cave, grunt_ministairs_14
D:6:      layout_rooms, minmay_temple_entry_large_hall, minmay_manual_mares
D:7:      layout_rooms, enter_bailey_3
D:8:      layout_rooms, nicolae_elyvilon_peaceful_grove, uniq_grum, uniq_pikel
D:9:      layout_rooms, nicolae_wooded_promenade
Temple:   kilobyte_greek_temple

Skill      XL: |  1  2  3  4  5  6  7  8  9 10 |
---------------+-------------------------------+-----
Fighting       | 1 2 3 4 5 7 9 11 | 11.0
Spellcasting   | 4 5 6 8 9 |  9.1
Conjurations   | 4 5 6 8 9 |  9.1
Hexes          | 4 5 6 8 9 |  9.1
Summonings     | 4 5 6 8 9 |  9.1
Necromancy     | 4 5 6 8 9 |  9.1
Translocations | 4 5 6 8 9 |  9.1
Fire Magic     | 4 5 6 8 9 |  9.1
Ice Magic      | 4 5 6 8 9 |  9.1
Air Magic      | 4 5 6 8 9 |  9.1
Earth Magic    | 4 5 6 8 9 |  9.1
Alchemy        | 4 5 6 8 9 |  9.1
Dodging        | |  2.1
Stealth        | |  1.5

Action                     |  1- 3 |  4- 6 |  7- 9 | 10-12 || total
---------------------------+-------+-------+-------+-------++-------
  Melee: Dagger            |    18 |    14 |    13 |       ||    45
   Cast: Freeze            |    24 |    35 |    10 |     1 ||    70
         Magic Dart        |     8 |    92 |    35 |     1 ||   136
         Summon Ice Beast  |     1 |     4 |    17 |    11 ||    33
         Scorch            |       |       |    63 |    72 ||   135
         Blink             |       |       |     8 |     3 ||    11
         Flame Wave        |       |       |     3 |     1 ||     4
         Ozocubu's Armour  |       |       |     1 |       ||     1
    Use: Scroll            |       |       |     9 |     2 ||    11
         Potion            |       |       |     3 |       ||     3
   Stab: Sleeping          |     1 |       |       |       ||     1
 Armour: Robe              |    23 |    27 |    51 |    39 ||   140
  Dodge: Dodged            |    20 |    26 |    68 |    67 ||   181
